 Dungeon Crawl Stone Soup version 0.30-a0-879-ga8ba668304 (webtiles) character file.

Game seed: 5802640419669328807

42 jasper the Stinger (level 3, -3/24 HPs)
             Began as a Demonspawn Venom Mage on Mar 13, 2023.
             Was a Follower of Sif Muna.
             Slain by Terence
             ... wielding a +4 short sword of speed
              (5 damage)
             ... on level 2 of the Dungeon.
             The game lasted 00:03:23 (1238 turns).

jasper the Stinger (Demonspawn Venom Mage)          Turns: 1238, Time: 00:03:23

Health: -3/24      AC:  3    Str:  8    XL:     3   Next: 35%
Magic:  5/7        EV: 12    Int: 18    God:    Sif Muna [*.....]
Gold:   77         SH:  0    Dex: 13    Spells: 2/8 levels left

rFire   . . .      SeeInvis .    (no weapon)
rCold   . . .      Faith    .    (no shield)
rNeg    . . .      Spirit   .    a - +0 robe
rPois   .          Reflect  .    g - +0 helmet
rElec   .          Rampage  .    (no cloak)
rCorr   .                        (no gloves)
Will    +....                    (no boots)
Stlth   ++                       (no amulet)
HPRegen 0.24/turn                f - ring of willpower
MPRegen 0.20/turn                (no ring)

@: mighty, attractive
A: magic regeneration, demonic touch 1
a: Renounce Religion, Channel Magic


You were on level 2 of the Dungeon.
You worshipped Sif Muna.
Sif Muna was aware of your devotion.
You visited 1 branch of the dungeon, and saw 2 of its levels.

You collected 77 gold pieces.

Inventory:

Hand Weapons
 d - a +0 club
 h - a +0 short sword
Missiles
 e - 5 javelins
Armour
 a - a +0 robe (worn)
 g - a +0 helmet (worn)
Magical Staves
 k - a staff of earth
Jewellery
 f - a ring of willpower (left hand)
Scrolls
 i - 2 scrolls of identify {unknown}
 l - a scroll of noise {unknown}
 m - a scroll of poison {unknown}
Potions
 b - a potion of magic
 c - a potion of might


   Skills:
 - Level 1.7 Dodging
 - Level 1.7 Stealth
 - Level 3.0 Spellcasting
 - Level 0.8 Transmutations
 + Level 3.7 Poison Magic


You had 2 spell levels left.
You knew the following spells:

 Your Spells              Type           Power      Damage    Failure   Level
a - Sting                 Tmut/Pois      40%        1d5       6%          1
b - Poisonous Vapours     Pois/Air       18%        N/A       12%         2
c - Mephitic Cloud        Conj/Pois/Air  7%         N/A       30%         3

Your spell library contained the following spells:

 Spells                   Type           Power      Damage    Failure   Level
 Olgreb's Toxic Radiance  Pois           16%        N/A       34%         4


Dungeon Overview and Level Annotations

Branches:
Dungeon (2/15)

Altars:
Sif Muna

Shops:
D:1 (

Annotations:
D:2 Terence


Innate Abilities, Weirdness & Mutations

You regenerate magic rapidly.
Your touch may inflict minor irresistible damage on your foes.


Message History

The sting hits Terence.
Terence is poisoned.
Terence is moderately wounded.
Terence hits you with a +4 short sword of speed.
You take 5 damage, and have 14/24 hp.
MASSIVE DAMAGE!!
You now have 4/7 mp.
Okay, then.
Casting: Sting (safe; 6% risk of failure)
Confirm with . or Enter, or press ? or * to list all spells.
Okay, then.
Terence attacks as you move away!
Terence hits you with a +4 short sword of speed!
* * * LOW HITPOINT WARNING * * *
You take 7 damage, and have 7/24 hp.
MASSIVE DAMAGE!!
Okay, then.
It was a potion of might.
You feel very mighty all of a sudden. Terence closely misses you.
Your magical contamination has completely faded away.
It was a potion of attraction.
You feel attractive to monsters. Terence misses you.
Aiming: Sting (safe; 6% risk of failure)
Press: ? - help, Q - select action, (/) - cycle Shift-Dir - straight line, f/p - Terence
Aim: Terence, wielding a +4 short sword of speed and wearing a +0 chain mail (heavily wounded, poisoned, 79% to hit)
The sting hits Terence.
Terence looks even sicker.
Terence is severely wounded.
Terence hits you with a +4 short sword of speed.
* * * LOW HITPOINT WARNING * * *
Terence hits you with a +4 short sword of speed.
* * * LOW HITPOINT WARNING * * *
You take 6 damage, and have 1/24 hp.
MASSIVE DAMAGE!!
You now have 4/7 mp.
Okay, then.
Okay, then.
You barely miss Terence.
You touch Terence!
Terence is almost dead.
Terence says, "You're history."
Terence barely misses you.
You hit Terence but do no damage.
Terence is almost dead.
Terence hits you with a +4 short sword of speed.
You die...

#.# #.# #.# #.#
#.# #.#### #.#
#.##.... #.#
#.##.#.. #.#
#.##.#.# #@#
#.##.#.#
#@#####†##.#.###.#
#................#
#.#######..#.###.
#.# #....# #.#
#.##.# #.# #.##.#
#.# #.##.#
#.#######.##.#
#..>.........###.#


You could see Terence (very poisoned).

Vanquished Creatures
  A dart slug (D:1)
  5 ball pythons
  5 bats
  4 endoplasms (D:1)
  A giant cockroach (D:1)
  5 goblins
  3 hobgoblins
  5 kobolds
  3 quokkas
32 creatures vanquished.

Notes
Turn   | Place    | Note
-------+----------+-------------------------------------------
     0 | D:1      | jasper the Demonspawn Venom Mage began the quest for the
                  | Orb.
     0 | D:1      | Reached XP level 1. HP: 13/13 MP: 3/3
   154 | D:1      | Gained mutation: You regenerate magic rapidly. [demonic
                  | ancestry]
   154 | D:1      | Reached XP level 2. HP: 18/19 MP: 1/5
   218 | D:1      | Learned a level 2 spell: Poisonous Vapours
   506 | D:1      | Gained mutation: Your touch may inflict minor irresistible
                  | damage on your foes. [demonic ancestry]
   506 | D:1      | Reached XP level 3. HP: 18/24 MP: 3/7
   510 | D:1      | Learned a level 3 spell: Mephitic Cloud
   672 | D:1      | Found a faded altar of an unknown god.
   682 | D:1      | Prayed at the altar of an unknown god.
   682 | D:1      | Became a worshipper of Sif Muna the Loreminder
   682 | D:1      | Reached * piety under Sif Muna
   735 | D:1      | Found Emutom's Weapon Emporium.
  1222 | D:2      | Noticed Terence
  1236 | D:2      | HP: 1/24 [Terence/+4 short sword of speed (4)]
  1238 | D:2      | Slain by Terence

Illustrated notes

Levels and vault maps discovered:
D:1:      dpeg_arrival_round_b, layout_basic,
          ebering_ecumenical_altar_sacrificial, serial_shops, shop, st_stairs_2
D:2:      layout_loops_ring, kennysheep_flooded_box, uniq_terence, uniq_sigmund

Skill      XL: |  1  2 |
---------------+-------+-----
Spellcasting   | 3 |  3.0
Dodging        | |  1.7
Stealth        | |  1.7
Transmutations | |  0.8
Poison Magic   | |  3.7

Action                     || total
---------------------------++-------
  Melee: Club              ||    17
         Unarmed           ||     4
         Touch             ||     2
   Cast: Sting             ||    39
         Poisonous Vapours ||    17
    Use: Potion            ||     2
 Armour: Robe              ||    14
  Dodge: Dodged            ||    32

Table legend: (Time is in decaauts)
 A = Elapsed time spent in this place.
 B = Non-inter-level travel time spent in this place.
 C = Inter-level travel time spent in this place.
 D = Time resting spent in this place.
 E = Time spent auto-exploring this place.
 F = Levels seen in this place.
 G = Mean time per level.
                   A        B        C        D        E       F      G
               +--------+--------+--------+--------+--------+-----+--------+
         Total |   1240 |   1216 |     24 |     68 |    858 |   2 |  620.0 |
       Dungeon |   1240 |   1216 |     24 |     68 |    858 |   2 |  620.0 |
               +--------+--------+--------+--------+--------+-----+--------+

Top non-repeatable levels by time:
     D:1: 884 daAuts
     D:2: 355 daAuts
